 Dungeon Crawl Stone Soup version 0.27-a0-1500-g450c7e4133 (webtiles) character file.

Game seed: 6672672771573017336

20610 wakim the Frost Mage (level 12, -6/74 HPs)
             Began as a Deep Elf Ice Elementalist on July 7, 2021.
             Was an Elder of Vehumet.
             Mangled by a shadow (23 damage)
             ... in a Gauntlet.
             The game lasted 00:56:22 (15045 turns).

wakim the Frost Mage (Deep Elf Ice Elementalist)   Turns: 15045, Time: 00:56:23

Health: -6/74      AC: 22    Str:  5    XL:     12   Next: 46%
Magic:  14/25      EV: 18    Int: 26    God:    Vehumet [****..]
Gold:   673        SH:  6    Dex: 21    Spells: 3/26 levels left

rFire    x . .     SeeInvis .   a - +8 whip "Snakebite" {curare, rPois, =f}
rCold    + . .     Faith    .   i - +0 buckler
rNeg     . . .     Spirit   .   u - +1 leather armour {rPois}
rPois    +         Reflect  .   h - +0 helmet
rElec    .         Harm     .   j - +0 cloak
rCorr    .         Rampage  .   k - +2 pair of gloves
Will     +....     NoTele   +   p - +2 pair of boots
Stlth    +++.......             c - amulet of magic regeneration
HPRegen  0.22/turn              o - ring of ice
MPRegen  0.44/turn              l - +6 ring of dexterity

@: ice-armoured, freezing walls, very slightly contaminated, studying Slings
A: no striking features
a: Renounce Religion


You were in a Gauntlet.
You worshipped Vehumet.
Vehumet was greatly pleased with you.
You visited 3 branches of the dungeon, and saw 13 of its levels.
You also visited: Sewer, Ossuary and Gauntlet.

You collected 673 gold pieces.

Inventory:

Hand Weapons
 a - the +8 whip "Snakebite" (weapon) {curare, rPois, =f}
   (You found it on level 6 of the Dungeon)

   It poisons the flesh of those it strikes.
   rPois:     It protects you from poison.
Missiles
 q - 3 throwing nets {=f!f}
Armour
 h - a +0 helmet (worn)
 i - a +0 buckler (worn)
 j - a +0 cloak (worn)
 k - a +2 pair of gloves (worn)
 p - a +2 pair of boots (worn)
 u - a +1 leather armour of poison resistance (worn)
Magical Staves
 b - a staff of cold
Jewellery
 c - an amulet of magic regeneration (around neck)
 l - a +6 ring of dexterity (right hand)
 o - a ring of ice (left hand)
Wands
 t - a wand of digging (7)
 x - a wand of iceblast (35)
 y - a wand of paralysis (7)
Scrolls
 d - a scroll of enchant weapon
 f - 2 scrolls of enchant armour
 g - 4 scrolls of amnesia
 r - 4 scrolls of identify
 S - a scroll of summoning
 T - 13 scrolls of teleportation
 U - a scroll of fear
 W - 3 scrolls of holy word
 Y - 3 scrolls of blinking {!r}
Potions
 e - a potion of might
 C - 2 potions of berserk rage {!q}
 D - 2 potions of brilliance
 F - 3 potions of curing
 G - 2 potions of flight
 H - 4 potions of haste
 I - 2 potions of invisibility
 J - 3 potions of heal wounds
 K - a potion of magic
 L - 7 potions of lignification {!q}
 M - 2 potions of mutation {!q}
 O - a potion of resistance


   Skills:
 + Level 8.2 Fighting
 - Level 4.0 Armour
 + Level 10.0 Dodging
 - Level 6.0 Stealth
 - Level 4.0 Shields
 * Level 7.6 Spellcasting
 + Level 8.0 Conjurations
 + Level 4.1 Transmutations
 + Level 12.2 Ice Magic


You had 3 spell levels left.
You knew the following spells:

 Your Spells              Type           Power      Damage    Failure   Level
a - Freeze                Ice            100%       1d11      1%          1
b - Frozen Ramparts       Ice            100%       1d12      1%          3
c - Ozocubu's Armour      Ice            84%        N/A       1%          3
d - Hailstorm             Conj/Ice       76%        3d16      1%          4
e - Irradiate             Conj/Tmut      20%        3d20      5%          5
f - Ozocubu's Refrigerat  Ice            42%        4d13      13%         7

Your spell library contained the following spells:

 Spells                   Type           Power      Damage    Failure   Level
 Conjure Flame            Conj/Fire      30%        6-21      1%          3
 Stone Arrow              Conj/Erth      60%        3d10      1%          3
 Animate Skeleton         Necr           18%        N/A       10%         1
 Pain                     Necr           36%        1d5       10%         1
 Corpse Rot               Necr/Air       N/A        N/A       14%         2
 Vampiric Draining        Necr           4%         2d6       28%         3
 Summon Ice Beast         Ice/Summ       58%        N/A       8%          4
 Bolt of Magma            Conj/Fire/Erth 11%        4d7       21%         5
 Olgreb's Toxic Radiance  Pois           9%         N/A       24%         4
 Petrify                  Tmut/Erth      20%        N/A       36%         4
 Dispel Undead            Necr           9%         3d8       67%         4
 Leda's Liquefaction      Hex/Erth       4%         N/A       67%         4
 Alistair's Intoxication  Tmut/Pois      13%        N/A       71%         5
 Borgnjor's Vile Clutch   Necr/Erth      4%         N/A       95%         5
 Death Channel            Necr           4%         N/A       100%        6
 Malign Gateway           Summ/Tloc      4%         N/A       100%        7
 Summon Horrible Things   Summ           4%         N/A       100%        8
 Shatter                  Erth           4%         3d8*      100%        9


Dungeon Overview and Level Annotations

Branches:
Dungeon (10/15)            Temple (1/1) D:4            Lair (2/6) D:10
    Orc (0/2) D:9           Sewer (visited)         Ossuary (visited)
Gauntlet (1/1)
  Swamp: Lair:2-4    Shoals: Lair:2-4     Snake: Lair:2-4    Spider: Lair:2-4

Altars:
Ashenzari
Cheibriados
Dithmenos
Elyvilon
Fedhas
Gozag
Hepliaklqana
Kikubaaqudgha
Makhleb
Nemelex Xobeh
Okawaru
Ru
Sif Muna
Trog
Uskayaw
Vehumet
Wu Jian
Xom
Yredelemnul
The Shining One

Shops:
D:4 *   D:5 ?

Annotations:
Gauntlet 11 transporters, 21 runed translucent doors, exclusion: ice statue


Message History

Casting: Irradiate (dangerous; 5% risk of failure)
Confirm with . or Enter, or press ? or * to list all spells.
You erupt in a fountain of uncontrolled magic!
The shadow is blasted with magical radiation!
You destroy the shadow!
Vehumet accepts your kill.
You feel your power returning.
The shadow is blasted with magical radiation!!
The shadow is severely damaged.
The shadow completely resists.
The wall freezes the shadow but does no damage.
The shadow slips into darkness.
The shadow flickers and vanishes!
The wall freezes something but does no damage.
Unknown command.
Your frozen ramparts will break if you move.
Continue?
The frozen ramparts melt away as you move.
The shadow strikes at you from the darkness!
* * * LOW HITPOINT WARNING * * *
Reactivating autopickup.
The shadow strikes at you from the darkness!
* * * LOW HITPOINT WARNING * * *
Casting: Irradiate (dangerous; 5% risk of failure)
Confirm with . or Enter, or press ? or * to list all spells.
You feel a surge of power! A film of ice covers your body!
The shadow slips into darkness.
The shadow flickers and vanishes!
Deactivating autopickup; reactivate with Ctrl-A.
Unknown command.
Casting: Ozocubu's Armour (safe; 1% risk of failure)
Confirm with . or Enter, or press ? or * to list all spells.
You feel a surge of power!
The walls around you are covered in ice.
The shadow completely resists.
The wall freezes the shadow but does no damage.
The shadow completely resists.
The wall freezes the shadow but does no damage.
The wall freezes something but does no damage.
The shadow strikes at you from the darkness!
You die...

..#####y#.#..........#####
#########.#########.....≈###
≈≈≈8≈≈§≈#........©#......#8#
#########.#############..###
...#..#.#.#.#..W......#..#
..#..#..#.#.#.#.....#.#..#
.#..#..##.#.#..#####..#..#
#..#..#.#.#.#.W##.##..#..#
.©#..#.©#©#.#.W{@©....#..#...
#†.#..#.###.#..##.##..####.8...
.#..#..##...#..#####..#©.....##
..#..#.)#...#.#.....#.####.8...
...#..#.#...#...)©?"..#..#...#.
#########...###########..#.8.#
........§.≈.............≈#...#
........§≈8≈............∩#.8.#
..........≈§............≈#...#


You could see 2 shadows.

Vanquished Creatures
  Harold (D:8)
  A two-headed ogre (D:8)
  Urug (Lair:1)
  Pikel (D:6)
  An oklob plant (D:10)
  Joseph (D:8)
  7 cane toads
  Maggie (D:8)
  An unseen horror (D:10)
  A komodo dragon (Lair:2)
  A rime drake (Lair:2)
  A kobold demonologist (D:10)
  2 trolls (D:10)
  2 hornets (D:8)
  A raiju (Gauntlet)
  14 blink frogs
  Sigmund (D:6)
  2 shadows (Gauntlet)
  2 wyverns
  23 yaks (Lair:1)
  A wraith (D:9)
  2 steam dragons (Gauntlet)
  4 wargs (D:9)
  Grum (Lair:1)
  Edmund (D:6)
  8 water moccasins
  Purgy (Sewer)
  An ice beast (D:6)
  2 sky beasts
  A black bear (D:4)
  6 ogres
  6 necrophages
  4 orc warriors
  2 wolves (Lair:1)
  2 centaurs
  A lemure (D:6)
  Blork the orc (D:5)
  7 bullfrogs
  2 gnoll sergeants
  A wyvern skeleton (D:6)
  6 killer bees (D:10)
  4 wights (D:10)
  An electric eel (Lair:1)
  2 howler monkeys (D:10)
  6 centaur zombies
  2 hounds
  A human zombie (D:5)
  Crazy Yiuf (D:2)
  A gnoll shaman (D:7)
  8 orc priests
  2 iguanas (D:4)
  Natasha (thrice) (D:2)
  4 orc wizards
  A hound skeleton (D:4)
  A hound zombie (D:5)
  5 mummies
  2 howler monkey zombies
  Robin (D:2)
  2 howler monkey skeletons
  4 adders
  16 gnolls
  2 river rats (D:4)
  A shadow imp (D:6)
  An ufetubus (D:7)
  3 adder zombies
  An adder skeleton (D:4)
  2 worms
  2 dart slugs
  32 orcs
  14 ball pythons
  3 bats
  8 endoplasms
  3 giant cockroaches
  2 gnoll zombies (Ossuary)
  15 goblins
  6 hobgoblins
  13 jackals
  15 kobolds
  5 quokkas
  4 frilled lizards
  4 hobgoblin zombies (Ossuary)
  3 kobold zombies (Ossuary)
  6 orc zombies (Ossuary)
  7 rats
344 creatures vanquished.

Vanquished Creatures (others)
  20 fungi
  50 plants
  3 toadstools (D:4)
73 creatures vanquished.

Grand Total: 417 creatures vanquished

Notes
Turn   | Place    | Note
-------+----------+-------------------------------------------
     0 | D:1      | wakim the Deep Elf Ice Elementalist began the quest for the
                  | Orb.
     0 | D:1      | Reached XP level 1. HP: 10/10 MP: 6/6
    48 | D:1      | Reached XP level 2. HP: 3/15 MP: 0/8
   639 | D:1      | Noticed a shining eye
   651 | D:1      | Found a faded altar of an unknown god.
   663 | D:1      | Noticed a golden eye
   667 | D:1      | Noticed a floating eye
   676 | D:1      | Noticed a shining eye
   698 | D:1      | Reached skill level 5 in Ice Magic
   698 | D:1      | Reached XP level 3. HP: 12/19 MP: 9/9
  1386 | D:2      | Learned a level 3 spell: Frozen Ramparts
  1390 | D:2      | Learned a level 3 spell: Ozocubu's Armour
  1427 | D:2      | Noticed Natasha
  1444 | D:2      | Killed Natasha
  1507 | D:2      | Noticed Robin
  1523 | D:2      | Reached XP level 4. HP: 15/24 MP: 6/10
  1672 | D:2      | Noticed Natasha
  1682 | D:2      | Killed Natasha
  1715 | D:2      | Noticed Natasha
  1722 | D:2      | Killed Natasha
  1725 | D:2      | Killed Robin
  1726 | D:2      | Reached XP level 5. HP: 8/28 MP: 1/11
  2257 | D:2      | Found a shimmering blue altar of Sif Muna.
  2496 | D:2      | Found a runed translucent door.
  2497 | D:2      | Noticed Crazy Yiuf
  2502 | D:2      | Killed Crazy Yiuf
  2503 | D:2      | Reached skill level 6 in Ice Magic
  2905 | D:3      | Noticed a water moccasin
  2913 | D:3      | Killed a water moccasin
  2914 | D:3      | Reached XP level 6. HP: 32/32 MP: 3/12
  3650 | D:4      | Reached skill level 5 in Stealth
  3653 | D:4      | Reached skill level 7 in Ice Magic
  3663 | D:4      | Reached skill level 5 in Dodging
  3663 | D:4      | Reached XP level 7. HP: 31/36 MP: 0/14
  3688 | D:4      | Found a broken altar of Ashenzari.
  3698 | D:4      | Found a staircase to the Ecumenical Temple.
  3704 | Temple   | Entered the Ecumenical Temple
  3724 | Temple   | Became a worshipper of Vehumet
  3838 | D:4      | Found a glowing drain.
  3850 | Sewer    | Entered a sewer
  3948 | Sewer    | Noticed Purgy
  3953 | Sewer    | Killed Purgy
  4147 | D:4      | Noticed a wyvern
  4150 | D:4      | Killed a wyvern
  4151 | D:4      | Reached skill level 8 in Ice Magic
  4379 | D:4      | Reached XP level 8. HP: 29/41 MP: 11/16
  4492 | D:4      | Reached * piety under Vehumet
  4492 | D:4      | Offered knowledge of Magic Dart by Vehumet.
  4790 | D:4      | Learned a level 4 spell: Hailstorm
  4800 | D:4      | Reached skill level 9 in Ice Magic
  4970 | D:4      | Found a white marble altar of Elyvilon.
  4970 | D:4      | Found a shimmering altar of Xom.
  4970 | D:4      | Found a hide-covered altar of Uskayaw.
  5098 | D:4      | Found Equteny's Assorted Antiques.
  5118 | D:5      | Entered Level 5 of the Dungeon
  5118 | D:5      | Found a sand-covered staircase.
  5134 | Ossuary  | Entered an ossuary
  5263 | Ossuary  | Reached ** piety under Vehumet
  5372 | Ossuary  | Offered knowledge of Poisonous Vapours by Vehumet.
  5479 | Ossuary  | Got Rafees's Grimoire of the Blaze and Clay
  5532 | D:5      | Reached skill level 1 in Conjurations
  5576 | D:5      | Noticed Blork the orc
  5584 | D:5      | Killed Blork the orc
  5616 | D:5      | Found Uhust's Magic Scroll Shoppe.
  5781 | D:5      | Reached skill level 10 in Ice Magic
  5825 | D:5      | Reached XP level 9. HP: 40/45 MP: 17/17
  6441 | D:5      | Found an ancient bone altar of Kikubaaqudgha.
  6780 | D:6      | Offered knowledge of Ignite Poison by Vehumet.
  6793 | D:6      | Reached skill level 1 in Shields
  6841 | D:6      | Found a shadowy altar of Dithmenos.
  6984 | D:6      | Found the +8 whip "Snakebite" {curare, rPois}
  7025 | D:6      | Reached skill level 1 in Fighting
  7257 | D:6      | Noticed Pikel
  7267 | D:6      | Killed Pikel
  7420 | D:6      | Noticed Sigmund
  7423 | D:6      | Killed Sigmund
  7575 | D:6      | Noticed Edmund
  7579 | D:6      | Killed Edmund
  7818 | D:7      | Reached XP level 10. HP: 49/56 MP: 18/18
  7868 | D:7      | Reached *** piety under Vehumet
  8716 | D:8      | Noticed a two-headed ogre
  8725 | D:8      | Killed a two-headed ogre
  8725 | D:8      | Offered knowledge of Fulminant Prism by Vehumet.
  8726 | D:8      | Reached skill level 5 in Fighting
  8757 | D:8      | Found a burning altar of Makhleb.
  8820 | D:8      | Noticed Joseph
  8828 | D:8      | Killed Joseph
  9145 | D:8      | Noticed Maggie
  9158 | D:8      | Killed Maggie
  9159 | D:8      | Reached skill level 1 in Armour
  9220 | D:8      | Noticed Harold
  9235 | D:8      | Killed Harold
  9236 | D:8      | Reached skill level 5 in Spellcasting
  9369 | D:8      | Found an opulent altar of Gozag.
  9790 | D:9      | Reached **** piety under Vehumet
 10331 | D:9      | Offered knowledge of Irradiate by Vehumet.
 10341 | D:9      | Got Sif Muna's Volume of the Snowflakes and Toxins
 10350 | D:9      | Learned a level 5 spell: Irradiate
 10401 | D:9      | Found a staircase to the Orcish Mines.
 10673 | D:9      | Reached XP level 11. HP: 59/66 MP: 11/20
 10894 | D:10     | Entered Level 10 of the Dungeon
 10939 | D:10     | Noticed an oklob plant
 10943 | D:10     | Found a staircase to the Lair.
 10947 | D:10     | Killed an oklob plant
 10948 | D:10     | Reached skill level 1 in Transmutations
 11953 | Lair:1   | Entered Level 1 of the Lair of Beasts
 11971 | Lair:1   | Noticed Urug
 11985 | Lair:1   | Killed Urug
 11986 | Lair:1   | Reached skill level 5 in Conjurations
 11986 | Lair:1   | Noticed Grum
 11995 | Lair:1   | Killed Grum
 11996 | Lair:1   | Reached skill level 11 in Ice Magic
 12464 | Lair:1   | Reached skill level 10 in Dodging
 12666 | Lair:1   | Reached ***** piety under Vehumet
 12743 | Lair:1   | Offered knowledge of Ozocubu's Refrigeration by Vehumet.
 12779 | Lair:1   | HP: 2/67 [blink frog (4)]
 12790 | Lair:1   | Reached XP level 12. HP: 23/72 MP: 15/23
 13852 | Lair:2   | Noticed a six-headed hydra
 13865 | Lair:2   | Learned a level 7 spell: Ozocubu's Refrigeration
 14010 | Lair:2   | Reached skill level 12 in Ice Magic
 14205 | Lair:2   | Found a gate leading to a gauntlet.
 14215 | Gauntlet | Entered a Gauntlet
 14215 | Gauntlet | Found a transporter.
 14215 | Gauntlet | Found a transporter.
 14257 | Gauntlet | Noticed a catoblepas
 14340 | Gauntlet | Found a transporter.
 14342 | Gauntlet | Found a transporter.
 14348 | Gauntlet | Found a transporter.
 14352 | Gauntlet | Found a large runed translucent door.
 14361 | Gauntlet | Found a transporter.
 14368 | Gauntlet | Found a transporter.
 14389 | Gauntlet | Found a transporter.
 14395 | Gauntlet | Found a transporter.
 14395 | Gauntlet | Found a transporter.
 14399 | Gauntlet | Found a transporter.
 14401 | Gauntlet | Found a large runed translucent door.
 14402 | Gauntlet | Found a large runed translucent door.
 14404 | Gauntlet | Found a runed translucent gate.
 14421 | Gauntlet | Found a transporter.
 14507 | Gauntlet | Found a transporter.
 14509 | Gauntlet | Found a large runed translucent door.
 14509 | Gauntlet | Found a large runed translucent door.
 14510 | Gauntlet | Found a large runed translucent door.
 14510 | Gauntlet | Found a large runed translucent door.
 14511 | Gauntlet | Found a runed translucent door.
 14511 | Gauntlet | Found a large runed translucent door.
 14511 | Gauntlet | Found a runed translucent door.
 14511 | Gauntlet | Found a large runed translucent door.
 14511 | Gauntlet | Found a large runed translucent door.
 14512 | Gauntlet | Found a large runed translucent door.
 14512 | Gauntlet | Found a large runed translucent door.
 14515 | Gauntlet | Found a large runed translucent door.
 14515 | Gauntlet | Found a large runed translucent door.
 14517 | Gauntlet | Found a large runed translucent door.
 14517 | Gauntlet | Found a large runed translucent door.
 14522 | Gauntlet | Found a runed translucent gate.
 14522 | Gauntlet | Found a runed translucent gate.
 14524 | Gauntlet | Found a transporter.
 14642 | Gauntlet | Found a transporter.
 14658 | Gauntlet | Found a transporter.
 15045 | Gauntlet | Mangled by a shadow

Illustrated notes

Levels and vault maps discovered:
D:1:      dpeg_arrival_shelter, layout_basic,
          hellmonk_ecumenical_altar_watching_god
D:2:      layout_basic, basic_altar, uniq_robin, uniq_crazy_yiuf_cottage,
          uniq_natasha
D:3:      layout_basic
D:4:      layout_rooms, chequers_temple_overflow_statue_of_worship,
          temple_green, portal_sewer_entry_e, serial_shops,
          nicolae_shop_behind_doors, minmay_misc_feat_x,
          minmay_gold_behind_fungi, serial_bayou_pond_b, minmay_manual_mess
D:5:      layout_cave_pools, lemuel_mausoleum_altar_kikubaaqudgha,
          enter_ossuary_1, serial_shops, shop, sigmund_army, uniq_blork_the_orc
D:6:      layout_loops_cross, mainiacjoe_overflow_brackets, uniq_edmund,
          uniq_pikel, uniq_sigmund
D:7:      layout_basic
D:8:      layout_loops_ring, mainiacjoe_overflow_alcove_1,
          mainiacjoe_overflow_chevrons, uniq_maggie, uniq_joseph, uniq_harold
D:9:      layout_roguey, david_orc_1_choice
D:10:     layout_long_grid, dpeg_oklobed_lair, uniq_nergalle
Temple:   eino_temple_lava
Lair:1:   layout_roguey, hangedman_lair_unloving_vines,
          chequers_serial_rivers_large_a, grunt_megastairs_5,
          serial_bayou_shore_a, uniq_urug, uniq_grum
Lair:2:   layout_layer_cave, gauntlet_entry_generic
Gauntlet: gammafunk_gauntlet_branching [gammafunk_gauntlet_arena_teeth,
          gammafunk_gauntlet_arena_spirals, gammafunk_gauntlet_arena_crates,
          gammafunk_gauntlet_arena_arrow_garden,
          nicolae_gauntlet_arena_flowing_pool,
          minmay_gauntlet_arena_make_your_own_arena,
          nicolae_gauntlet_arena_blocks, nicolae_gauntlet_swirl,
          nicolae_gauntlet_exit_dead_adventurers]

Skill      XL: |  1  2  3  4  5  6  7  8  9 10 11 12 |
---------------+-------------------------------------+-----
Stealth        | 3 4 5 6 |  6.0
Dodging        | 3 4 5 7 8 9 10 | 10.0
Ice Magic      | 5 6 7 8 10 11 12 | 12.2
Spellcasting   | 4 5 6 7 |  7.6
Conjurations   | 3 4 7 8 |  8.0
Shields        | 4 |  4.0
Fighting       | 3 6 7 8 |  8.2
Armour         | 3 4 |  4.0
Transmutations | 4 |  4.1

Action                   |  1- 3 |  4- 6 |  7- 9 | 10-12 || total
-------------------------+-------+-------+-------+-------++-------
Melee: Whip              |    15 |    20 |   301 |   161 ||   497
 Cast: Freeze            |    34 |    36 |    25 |     6 ||   101
       Frozen Ramparts   |     1 |    13 |    37 |    43 ||    94
       Ozocubu's Armour  |       |     1 |     5 |     8 ||    14
       Hailstorm         |       |       |    30 |    73 ||   103
       Irradiate         |       |       |       |     9 ||     9
       Ozocubu's Refrige |       |       |       |     4 ||     4
  Use: Scroll            |     2 |     8 |     8 |     8 ||    26
       Potion            |       |       |       |     3 ||     3
 Stab: Sleeping          |     1 |     3 |     8 |       ||    12
Armor: Robe              |     8 |    10 |   115 |     2 ||   135
       Leather armour    |       |       |       |    47 ||    47
Dodge: Dodged            |    31 |    27 |   273 |   136 ||   467
Block: Buckler           |       |       |    12 |    32 ||    44

Table legend: (Time is in decaauts)
 A = Elapsed time spent in this place.
 B = Non-inter-level travel time spent in this place.
 C = Inter-level travel time spent in this place.
 D = Time resting spent in this place.
 E = Time spent auto-exploring this place.
 F = Levels seen in this place.
 G = Mean time per level.
                   A        B        C        D        E       F      G
               +--------+--------+--------+--------+--------+-----+--------+
         Total |  15134 |  14708 |    426 |    200 |  11313 |  16 |  945.9 |
       Dungeon |  11370 |  10977 |    393 |      0 |   8911 |  10 | 1137.0 |
        Temple |     29 |     29 |      0 |      0 |      0 |   1 |   29.0 |
          Lair |   2279 |   2246 |     33 |      9 |   1708 |   2 | 1139.5 |
         Sewer |    257 |    257 |      0 |      0 |    135 |   1 |  257.0 |
       Ossuary |    367 |    367 |      0 |      0 |    244 |   1 |  367.0 |
      Gauntlet |    829 |    829 |      0 |    191 |    315 |   1 |  829.0 |
               +--------+--------+--------+--------+--------+-----+--------+

Top non-repeatable levels by time:
  Lair:1: 1951 daAuts
     D:1: 1381 daAuts
     D:5: 1251 daAuts
     D:9: 1226 daAuts
     D:2: 1216 daAuts
     D:4: 1213 daAuts
     D:8: 1082 daAuts
     D:3: 1055 daAuts
     D:6: 989 daAuts
     D:7: 978 daAuts
    D:10: 975 daAuts
Gauntlet: 829 daAuts
 Ossuary: 367 daAuts
  Lair:2: 328 daAuts
   Sewer: 257 daAuts
